 Dungeon Crawl Stone Soup version 0.27-a0-1281-ge233d83751 (webtiles) character file.

Game seed: 11872397404044323915

71 Grimdewalt the Skirmisher (level 4, -2/49 HPs)
             Began as an Ogre Fighter on May 24, 2021.
             Slain by a quokka (4 damage)
             ... on level 3 of the Dungeon on June 14, 2021.
             The game lasted 00:03:46 (1955 turns).

Grimdewalt the Skirmisher (Ogre Fighter)            Turns: 1955, Time: 00:03:47

Health: -2/49      AC:  3    Str: 21    XL:     4   Next: 24%
Magic:  6/6        EV:  8    Int:  9    God:
Gold:   52         SH:  8    Dex:  8    Spells: 6/6 levels left

rFire    . . .     SeeInvis +   f - +2 dagger (flame)
rCold    . . .     Faith    .   c - +0 kite shield
rNeg     . . .     Spirit   .   b - +0 robe
rPois    .         Reflect  .   (helmet restricted)
rElec    .         Harm     .   (no cloak)
rCorr    .         Rampage  .   (gloves unavailable)
Will     .....                  (boots unavailable)
Stlth    +.........             (no amulet)
HPRegen  0.16/turn              g - ring of see invisible
MPRegen  0.10/turn              (no ring)

@: no status effects
A: large, unfitting armour, tough skin 1
a: no special abilities


You were on level 3 of the Dungeon.
You visited 1 branch of the dungeon, and saw 3 of its levels.

You collected 52 gold pieces.

Inventory:

Hand Weapons
 a - a +0 flail
 f - a +2 dagger of flaming (weapon)
Armour
 b - a +0 robe (worn)
 c - a +0 kite shield (worn)
 k - a scarf of shadows
Jewellery
 g - a ring of see invisible (left hand)
Scrolls
 h - 2 scrolls of identify {unknown}
 i - 3 scrolls of enchant armour {unknown}
 j - a scroll of blinking {unknown}
 l - 2 scrolls of noise {unknown}
 m - a scroll of enchant weapon {unknown}
Potions
 d - a potion of might
 e - a potion of cancellation {unknown}


   Skills:
 + Level 4.6 Fighting
 + Level 2.3 Maces & Flails
 + Level 3.1 Dodging
 + Level 3.1 Shields
 + Level 1.6 Spellcasting


You had 6 spell levels left.
You didn't know any spells.
Your spell library was empty.

Dungeon Overview and Level Annotations

Branches:
Dungeon (3/15)

Altars:

Shops:
D:3 [


Innate Abilities, Weirdness & Mutations

You are too large for most types of armour.
You have tough skin. (AC +1)


Message History

The quokka bites you but does no damage.
You block the quokka's attack. You block the quokka's attack.
The quokka bites you but does no damage.
The quokka barely misses you. You block the quokka's attack. x2
You block the quokka's attack. The quokka closely misses you.
The quokka bites you but does no damage.
You block the quokka's attack. You block the quokka's attack.
The quokka bites you.
* * * LOW HITPOINT WARNING * * *
The quokka barely misses you. The quokka closely misses you.
The quokka barely misses you. The quokka barely misses you.
You block the quokka's attack. The quokka closely misses you.
You block the quokka's attack.
The quokka bites you but does no damage.
You block the quokka's attack. You block the quokka's attack.
The quokka bites you.
* * * LOW HITPOINT WARNING * * *
You block the quokka's attack. You block the quokka's attack.
The quokka barely misses you.
The quokka bites you but does no damage.
You block the quokka's attack. The quokka closely misses you.
The quokka bites you but does no damage.
You block the quokka's attack. You block the quokka's attack.
The quokka barely misses you. You block the quokka's attack.
You block the quokka's attack. The quokka bites you.
* * * LOW HITPOINT WARNING * * *
You block the quokka's attack. The quokka bites you.
* * * LOW HITPOINT WARNING * * *
The quokka bites you but does no damage.
The quokka bites you.
* * * LOW HITPOINT WARNING * * *
You block the quokka's attack.
The quokka bites you but does no damage.
You block the quokka's attack. You block the quokka's attack.
The quokka bites you but does no damage.
You block the quokka's attack. You block the quokka's attack.
The quokka bites you.
You die...

..........##
............ #......∩##
##.....### ##......#
###.#.#.######
#............# #
#.#.#.#.####.######...#
#.#.....#......@r......
#.###.###.##.#####....>
#.# #.... #.# ...
##.####### #.# #
.........## #.#
#.####...###.##
##.###.........#
##.##.......#..#
.)..........†..#######


You could see a quokka.

Vanquished Creatures
  2 adders
  A worm (D:3)
  3 dart slugs
  5 ball pythons
  An endoplasm (D:2)
  A giant cockroach (D:2)
  4 hobgoblins
  5 quokkas
  5 bats
  A frilled lizard (D:1)
  6 goblins
  3 kobolds
  3 rats
40 creatures vanquished.

Notes
Turn   | Place    | Note
-------+----------+-------------------------------------------
     0 | D:1      | Grimdewalt the Ogre Fighter began the quest for the Orb.
     0 | D:1      | Reached XP level 1. HP: 24/24 MP: 1/1
   132 | D:1      | Reached XP level 2. HP: 21/32 MP: 2/2
   437 | D:1      | Found a faded altar of an unknown god.
   767 | D:2      | Reached skill level 1 in Spellcasting
   846 | D:2      | Reached XP level 3. HP: 33/40 MP: 4/4
  1632 | D:3      | Reached XP level 4. HP: 35/49 MP: 6/6
  1818 | D:3      | Upgraded the game from 0.27-a0-1191-g601b473118 to
                  | 0.27-a0-1281-ge233d83751
  1823 | D:3      | Found Apyanidod's Antique Armour Shop.
  1949 | D:3      | HP: 1/49 [quokka (3)]
  1955 | D:3      | Slain by a quokka

Illustrated notes

Levels and vault maps discovered:
D:1:      lemuel_arrival_funnel, layout_rooms,
          shapermc_ecumenical_altar_starsandcircs, serial_park_tiny_pond,
          corexii_hall_statues_i
D:2:      layout_rooms, minivault_14, st_stairs_2, glass_columns_a
D:3:      layout_loops_ring, amcnicky_altar_gilded, serial_shops, shop,
          uniq_crazy_yiuf_cottage

Skill      XL: |  1  2  3 |
---------------+----------+-----
Maces & Flails | 2 |  2.3
Spellcasting   | 1 |  1.6
Shields        | 3 |  3.1
Dodging        | 3 |  3.1
Fighting       | |  4.6

Action                   |  1- 3 |  4- 6 || total
-------------------------+-------+-------++-------
Melee: Flail             |    17 |       ||    17
       Dagger            |    94 |     5 ||    99
Armor: Robe              |    29 |    20 ||    49
Dodge: Dodged            |    32 |    29 ||    61
Block: Kite shield       |    37 |    64 ||   101

Table legend: (Time is in decaauts)
 A = Elapsed time spent in this place.
 B = Non-inter-level travel time spent in this place.
 C = Inter-level travel time spent in this place.
 D = Time resting spent in this place.
 E = Time spent auto-exploring this place.
 F = Levels seen in this place.
 G = Mean time per level.
                   A        B        C        D        E       F      G
               +--------+--------+--------+--------+--------+-----+--------+
         Total |   1983 |   1941 |     42 |      0 |   1524 |   3 |  661.0 |
       Dungeon |   1983 |   1941 |     42 |      0 |   1524 |   3 |  661.0 |
               +--------+--------+--------+--------+--------+-----+--------+

Top non-repeatable levels by time:
     D:2: 847 daAuts
     D:1: 765 daAuts
     D:3: 370 daAuts
